 Dungeon Crawl Stone Soup version 0.31.0-32-g396128a36d (webtiles) character file.

Game seed: 10283903479397082725

189 spaghetti the Caller (level 5, -4/42 HPs)
             Began as a Naga Summoner on Mar 10, 2024.
             Slain by a river rat (7 damage)
             ... on level 3 of the Dungeon.
             The game lasted 00:04:48 (3558 turns).

spaghetti the Caller (Naga Summoner)                Turns: 3558, Time: 00:04:48

Health: -4/42      AC:  8    Str: 10    XL:     5   Next: 68%
Magic:  0/11       EV:  9    Int: 18    God:
Gold:   194        SH:  0    Dex: 11    Spells: 3/12 levels left

rFire   . . .        f - +0 dagger (venom)
rCold   . . .        (no shield)
rNeg    . . .        j - +0 acid dragon scales
rPois   +            (no helmet)
rElec   .            (no cloak)
rCorr   +            (no gloves)
SInv    +            (no barding)
Will    .....        e - amulet of guardian spirit
Stlth   ++           c - +4 ring of protection
HPRegen 0.27/turn    (no ring)
MPRegen 0.12/turn

%: clarity, guardian spirit
@: very slow
A: AC +1, large, see invisible, deformed body, poison resistance, slowness 2,
spit poison 1, naga tail 1, clarity, sense surroundings 1
a: Spit Poison


You were on level 3 of the Dungeon.
You visited 1 branch of the dungeon, and saw 4 of its levels.

You collected 194 gold pieces.

Inventory:

Hand Weapons
 d - a +0 whip
 f - a +0 dagger of venom (weapon)
Armour
 a - a +0 robe
 i - a +0 leather armour of cold resistance
 j - +0 acid dragon scales (worn)
Jewellery
 c - a +4 ring of protection (left hand)
 e - an amulet of guardian spirit (around neck)
 g - a ring of ice
 k - a ring of resist corrosion
Scrolls
 h - a scroll of identify
Potions
 b - a potion of magic


   Skills:
 - Level 1.5 Dodging
 - Level 3.0 Stealth
 - Level 4.0 Spellcasting
 + Level 4.7 Summonings
 + Level 2.4 Fire Magic


You had 3 spell levels left.
You knew the following spells:

 Your Spells              Type           Power      Damage    Failure   Level
b - Call Imp              Summ           40%        N/A       4%          2
c - Call Canine Familiar  Summ           20%        N/A       10%         3
d - Summon Blazeheart Go  Fire/Summ      16%        N/A       47%         4

Your spell library contained the following spells:

 Spells                   Type           Power      Damage    Failure   Level
 Summon Small Mammal      Summ           80%        N/A       3%          1
 Freeze                   Ice            12%        1d3       24%         1
 Sandblast                Erth           6%         2d5       24%         1
 Frozen Ramparts          Ice            6%         1d1       56%         3
 Hailstorm                Conj/Ice       3%         3d5       56%         3
 Passwall                 Erth           3%         N/A       56%         3
 Stone Arrow              Conj/Erth      6%         3d7       56%         3
 Summon Lightning Spire   Summ/Air       12%        N/A       65%         4
 Brom's Barrelling Bould  Conj/Erth      3%         2d3       93%         4


Dungeon Overview and Level Annotations

Branches:
Dungeon (4/15)
 Temple: D:4-7

Altars:
Dithmenos


Innate Abilities, Weirdness & Mutations

Your serpentine skin is tough. (AC +1)
You have supernaturally acute eyesight. (SInv)
Armour fits poorly on your strangely shaped body.
Your system is resistant to poisons. (rPois)
You cover ground very slowly.
You can spit poison.
You have a snake-like lower body.
You possess an exceptional clarity of mind.
You passively map a small area around you.


Message History

The ball python closely misses your bat.
The ball python barely misses your bat.
Okay, then.
Okay, then.
You aren't carrying any items that you can evoke.
You have nothing you can fire or use right now.
Unknown command.
Okay, then.
You closely miss the river rat.
The river rat is moderately wounded.
Your bat barely misses the hobgoblin.
The river rat bites you but does no damage.
Your bat closely misses the ball python.
You barely miss the river rat.
The river rat is moderately wounded.
Your bat hits the ball python.
Your bat closely misses the ball python.
The ball python barely misses your bat. The ball python grabs your bat.
The ball python constricts your bat.
The river rat twitches its whiskers.
The river rat barely misses you.
Your bat struggles to escape constriction.
You hit the river rat.
The river rat is poisoned.
The river rat is heavily wounded.
Your bat hits the ball python.
The ball python dies!
The river rat bites you.
* * * LOW HITPOINT WARNING * * *
Your bat hits the hobgoblin but does no damage.
You closely miss the river rat.
The river rat is heavily wounded.
Your bat misses the hobgoblin.
Your bat closely misses the hobgoblin.
The river rat barely misses you.
Your bat hits the hobgoblin but does no damage.
Your bat closely misses the hobgoblin.
Your bat hits the hobgoblin but does no damage. x2
The hobgoblin hits your bat.
Your bat hits the hobgoblin but does no damage.
The hobgoblin closely misses your bat. The river rat bites you!
You die...

### ### ##.#
#.########## * ...#
#b..S....... ##.#
#g##§#######* #.#
#.##.####### ##.#
#r##.#†~~~.#* ...#
#@##hgrS~~~# .###
#.##b#.r~~~# .#
##########.##.#..~~~#*
.#
#.......##.##.....~~#
.#
#.......##.###...####
.# #.......##.# ####
.######.......##.#
..............##.# *
..............##.# * *


You could see a river rat (very poisoned, ally target), a hobgoblin (distracted)
and a friendly bat (summoned).

Vanquished Creatures
  An orc priest (D:3)
  A river rat (D:3)
  3 adders
  2 dart slugs (D:1)
  5 orcs
  2 bats (D:1)
  2 endoplasms
  2 giant cockroaches
  7 goblins
  A hobgoblin (D:3)
  2 quokkas (D:2)
  A ball python (D:1)
  2 frilled lizards
31 creatures vanquished.

Vanquished Creatures (collateral kills)
  An orc wizard (D:2)
  2 adders (D:2)
  A dart slug (D:1)
  A ribbon worm (D:2)
  4 orcs (D:3)
  An endoplasm (D:3)
  A giant cockroach (D:1)
  4 goblins
  4 hobgoblins
  2 quokkas (D:1)
  5 ball pythons
  A kobold (D:1)
  5 rats
32 creatures vanquished.

Grand Total: 63 creatures vanquished

Notes
Turn   | Place    | Note
-------+----------+-------------------------------------------
     0 | D:1      | spaghetti the Naga Summoner began the quest for the Orb.
     0 | D:1      | Reached XP level 1. HP: 15/15 MP: 3/3
   233 | D:1      | Reached XP level 2. HP: 18/22 MP: 1/5
   236 | D:1      | Learned a level 2 spell: Call Imp
  1038 | D:1      | Reached XP level 3. HP: 27/28 MP: 3/7
  1042 | D:1      | Learned a level 3 spell: Call Canine Familiar
  1883 | D:2      | Reached XP level 4. HP: 19/36 MP: 0/10
  1889 | D:2      | Learned a level 4 spell: Summon Blazeheart Golem
  2085 | D:2      | Reached skill level 1 in Fire Magic
  2849 | D:3      | Found a faded altar of an unknown god.
  2874 | D:3      | Found a shadowy altar of Dithmenos.
  3091 | D:3      | Reached XP level 5. HP: 42/42 MP: 4/11
  3550 | D:3      | Gained mutation: You possess an exceptional clarity of
                  | mind. [potion of mutation]
  3550 | D:3      | Gained mutation: You passively map a small area around you.
                  | [potion of mutation]
  3550 | D:3      | HP: 1/42 [river rat (2)]
  3556 | D:3      | HP: 2/42 [river rat (1)]
  3558 | D:3      | Slain by a river rat

Illustrated notes

Levels and vault maps discovered:
D:1:      dpeg_arrival_radiant, layout_loops_corners
D:2:      layout_loops_ring, st_stairs_8
D:3:      layout_basic, grunt_dithmenos_smoke, mainiacjoe_overflow_alcove_3,
          portal_sewer_entry_b, ebering_ecumenical_altar_box
D:4:      layout_gridville, lemuel_coloured_pillars_altar, serial_shops,
          nicolae_shop_crystal, uniq_eustachio

Skill      XL: |  1  2  3  4  5 |
---------------+----------------+-----
Spellcasting   | 3 4 |  4.0
Fire Magic     | 1 2 |  2.4
Dodging        | |  1.5
Stealth        | |  3.0
Summonings     | |  4.7

Action                     |  1- 3 |  4- 6 || total
---------------------------+-------+-------++-------
  Melee: Unarmed           |    11 |       ||    11
         Whip              |    33 |       ||    33
         Dagger            |    20 |    55 ||    75
         Punch             |       |     1 ||     1
   Cast: Summon Small Mamm |    25 |    14 ||    39
         Call Imp          |    19 |    11 ||    30
         Call Canine Famil |     8 |     9 ||    17
Ability: Spit Poison       |     4 |     1 ||     5
    Use: Scroll            |     2 |     3 ||     5
         Potion            |       |     2 ||     2
   Stab: Sleeping          |     2 |       ||     2
 Armour: Robe              |    60 |     9 ||    69
         Acid dragon scale |       |    71 ||    71
         Leather armour    |       |     1 ||     1
  Dodge: Dodged            |    39 |    57 ||    96
